[Event "Late-Titled-Tuesday-Blitz-October-24-2023"]
[Site "Chess.com"]
[Date "2023.10.24"]
[Round "1"]
[White "artin10862"]
[Black "jup1978"]
[Result "1/2-1/2"]
[WhiteElo "2845"]
[BlackElo "2491"]
[TimeControl "180+1"]
[EndTime "14:08:55 PDT"]
[Termination "Game drawn - insufficient material"]

1. d4 d5 2. Nc3 c6 3. Bf4 Bf5 4. e3 Nf6 5. Bd3 Bxd3 6. cxd3 e6 7. e4 Be7 8. Nf3 O-O 9. O-O Re8 10. h3 Bf8 11. Bg5 Be7 12. Qe2 Nfd7 13. Bf4 c5 14.
exd5 cxd4 15. dxe6 dxc3 16. exd7 Qxd7 17. bxc3 Nc6 18.
d4 Rac8 19. Qd3 Bf6 20. Bg5 Bxg5 21. Nxg5 g6 22. Ne4 Kg7 23. Qf3 Re7 24. Nc5 Qd6 25.
Rad1 Rce8 26. Nb3 b6 27. c4 Nb4 28. d5 Nxa2 29. Nd4 Nb4 30. Nb5 Qf6 31. Qa3 a5 32. d6 Rd7 33. c5 bxc5 34. Qxa5 Nc2 35. Qd2 Nd4 36. Nxd4 cxd4 37. Qxd4 Red8 38. Qe3 Rxd6 39.
Rxd6 Rxd6 40. Rc1 Rc6 41. Rb1 Qe6 42. Qa3 Rb6 43. Rd1 Rb3 44. Qa8 Qb6 45. Qe8 Rb1 46.
Qe5+ Kh6 47. Rxb1 Qxb1+ 48. Kh2 Qb7 49. Qf6 Qc7+ 50. f4 Qd7 51. Kg3 Qf5 52. Qxf5 gxf5 53. Kf3 Kh5 54. g3 Kg6 55. Ke3 Kf6 56. Kd4 Ke6 57.
Kc5 Kd7 58. Kd5 f6 59. Kc5 Kc7 60. Kd5 Kd7 61. g4 fxg4 62. hxg4 Ke7 63. Kc5 Ke6 64.
Kc6 h6 65. f5+ Ke5 66. Kd7 Kf4 67. Ke6 Kxg4 68. Kxf6 h5 69. Ke5 h4 70. f6 h3 71.
f7 h2 72. f8=Q h1=Q 73. Qg7+ Kh3 74. Qh6+ Kg2 75. Qg5+ Kh2 76. Qh4+ Kg1 77. Qg4+ Qg2 78. Qd1+ Qf1 79. Qg4+ Qg2 80. Qd4+ Qf2 81. Qd7 Qe2+ 82. Kf4 Qf2+ 83. Kg5 Qg2+ 84. Qg4 Qxg4+ 85. Kxg4 1/2-1/2

[Event "Late-Titled-Tuesday-Blitz-October-24-2023"]
[Site "Chess.com"]
[Date "2023.10.24"]
[Round "1"]
[White "HamedWafa4"]
[Black "HanSchut"]
[Result "1/2-1/2"]
[WhiteElo "2607"]
[BlackElo "2303"]
[TimeControl "180+1"]
[EndTime "14:09:02 PDT"]
[Termination "Game drawn by stalemate"]

1. e4 c5 2. Nf3 d6 3. Bb5+ Bd7 4. Bxd7+ Qxd7 5. O-O Nf6 6. d4 cxd4 7. Qxd4 Nc6 8. Qd3 Rc8 9. c4 g6 10. b3 Bg7 11.
Bb2 O-O 12. Nbd2 a6 13. h3 Qd8 14. Rfd1 Qa5 15. a3 Qh5 16. Nf1 b5 17. Ng3 Qc5 18.
Rac1 bxc4 19. Rxc4 Qb6 20. Rdc1 Qb7 21. b4 a5 22. Qb3 axb4 23. R4c2 Na5 24. Qxb4 Qxb4 25. axb4 Rxc2 26. Rxc2 Nb7 27. Rc7 Rb8 28. Rxe7 Nd5 29. exd5 Bxb2 30. Ng5 Bf6 31. Rxf7 Bxg5 32. Rd7 Bf4 33.
Ne4 Be5 34. g3 Nd8 35. f4 Bd4+ 36. Kg2 Nf7 37. Nxd6 Nxd6 38. Rxd6 Rxb4 39. Kf3 Bc5 40. Rc6 Bf8 41. g4 Rd4 42. Ke3 Rxd5 43. Ke4 Rd6 44. Rc3 Kf7 45. h4 Be7 46. h5 gxh5 47. gxh5 Re6+ 48.
Kf5 Rf6+ 49. Kg4 Bd6 50. Rc4 Re6 51. Ra4 Kf6 52. Ra5 Re4 53. Rf5+ Ke6 54. h6 Be7 55.
Rb5 Bd6 56. Rf5 Be7 57. Ra5 Re1 58. Ra6+ Kf7 59. Kf5 Rh1 60. Rc6 Rh5+ 61. Kg4 Rc5 62. Ra6 Rc4 63. Kf5 Rc5+ 64. Kg4 Rd5 65. Rb6 Rd6 66.
Rxd6 Bxd6 67. Kg5 Be7+ 68. Kf5 Bf6 69. Kg4 Kg6 70. f5+ Kf7 71. Kh3 Bg5 72. Kg2 Bxh6 73. Kh1 Kf6 74. Kg1 Bf4 75. Kh1 Kg5 76. Kg1 h5 77.
Kh1 h4 78. Kg1 h3 79. Kh1 Kg4 80. f6 Bd6 81. f7 Bf8 82. Kg1 Kh4 83. Kh2 Kg4 84.
Kh1 Bd6 85. Kg1 Kg3 86. Kh1 Bf8 87. Kg1 h2+ 88. Kh1 Kh3 1/2-1/2

[Event "Late-Titled-Tuesday-Blitz-October-24-2023"]
[Site "Chess.com"]
[Date "2023.10.24"]
[Round "1"]
[White "Gogolev_Artemy"]
[Black "AlleyOoper"]
[Result "0-1"]
[WhiteElo "2391"]
[BlackElo "2686"]
[TimeControl "180+1"]
[EndTime "14:09:13 PDT"]
[Termination "AlleyOoper won on time"]

1. d4 Nf6 2. c4 c5 3. d5 g6 4. Nc3 Bg7 5. e4 d6 6. h3 O-O 7. Bd3 e6 8. Nf3 Nbd7 9. O-O e5 10. Re1 h6 11. a3 Nh7 12. b4 f5 13.
Na4 b6 14. Rb1 f4 15. Nh2 Ndf6 16. Rb3 h5 17. Bb1 g5 18. g4 hxg4 19. hxg4 Bd7 20. b5 Qc8 21. f3 Rf7 22. Kg2 Nf8 23. Rh1 Ng6 24. Kf2 Bf8 25. Ke2 Rh7 26. Kd2 Qd8 27. Nc3 a6 28. Bd3 axb5 29. Nxb5 Ra5 30. Kc2 Bxb5 31.
Rxb5 Rxb5 32. cxb5 Qa8 33. Kb3 Rh3 34. Qf1 Rh7 35.
Bd2 Nd7 36. Bc4 Nf6 37. a4 Ra7 38. Qa1 Nh4 39. a5 bxa5 40. b6 Rb7 41. Qxa5 Qb8 42. Kc2 Rxb6 43. Bc3 Ng2 44. Nf1 Rb1 45. Rh2 Ne1+ 46.
Bxe1 Qb2+ 47. Kd3 Qd4+ 48. Ke2 Qxc4+ 49. Kf2 Qd4+ 50. Kg2 Rxe1 51. Qxe1 c4 52. Qf2 Qd3 53. Kg1 c3 54. Qe2 Qd4+ 55. Kh1 Nd7 56. Qc2 Nc5 57. Rh5 Be7 58. Qh2 Kf7 59. Rh7+ Ke8 60. Qh5+ Kd7 61. Qf7 Kc7 62. Qxe7+ Kb6 63. Qc7+ Kb5 64. Qb8+ Kc4 65. Qb1 Qd3 66. Qxd3+ Kxd3 67. Ra7 c2 68. Ra1 Nb3 69. Re1 Nd2 70. Nxd2 Kxd2 71. Rf1 c1=Q 72. Rxc1 Kxc1 73. Kg2 Kc2 74. Kf1 Kd1 75.
Kf2 Kd2 76. Kf1 Ke3 0-1

[Event "Late-Titled-Tuesday-Blitz-October-24-2023"]
[Site "Chess.com"]
[Date "2023.10.24"]
[Round "1"]
[White "Lady_Nika"]
[Black "Grischuk"]
[Result "0-1"]
[WhiteElo "2514"]
[BlackElo "2985"]
[TimeControl "180+1"]
[EndTime "14:09:24 PDT"]
[Termination "Grischuk won by resignation"]

1. e4 e6 2. d4 d5 3. exd5 exd5 4. Nf3 Nc6 5. c3 Bd6 6. Bd3 Nge7 7. O-O Bg4 8. Nbd2 Qd7 9. Qc2 O-O-O 10. b4 Ng6 11. h3 Be6 12. Ng5 Nf4 13. Nxe6 fxe6 14. Nf3 Rdf8 15. Bxf4 Rxf4 16. Rae1 Kb8 17. b5 Nd8 18. Ne5 Bxe5 19. Rxe5 Nf7 20. Re3 g6 21. Rfe1 Re8 22. Qe2 Rf6 23. a4 Nd6 24. Re5 Nf7 25. Re3 h6 26. Qg4 g5 27. c4 Rf4 28. Qh5 dxc4 29.
Bxc4 Rf6 30. Qg4 Nd8 31. d5 Rf4 32. Qe2 e5 33. Bb3 Nf7 34. Rc1 e4 35. Rec3 Rc8 36. a5 Nd6 37. b6 cxb6 38. Rxc8+ Nxc8 39. axb6 Nxb6 40. g3 Rf8 41. Qxe4 Rd8 42. Qe5+ Qd6 43. Qg7 a6 44. Re1 Rd7 45. Qh8+ Rd8 46. Qg7 Rd7 47.
Qh8+ Ka7 48. Re8 Rf7 49. Re6 Qc5 50. Qb2 h5 51. Bd1 h4 52. gxh4 gxh4 53. Bh5 Rd7 54. Bf3 Nxd5 55. Re5 Qc4 56. Re4 Qc3 57. Qe2 Rg7+ 58. Bg4 Nb6 59. Re7 Rxe7 60. Qxe7 Qc6 61. Qxh4 a5 62. Qe7 a4 63. h4 Qd5 64. h5 Nc4 65. Qb4 a3 66. Qa4+ Kb6 67. Qb4+ Kc7 68.
Qe7+ Kb6 69. Be6 Qc5 70. Qd8+ Kb5 71. Bxc4+ Kxc4 72. Qg8+ Kb4 73. h6 Qc1+ 74. Kg2 Qxh6 75. Qg4+ Kb3 76. Qf3+ Ka2 77. Qxb7 Qg6+ 78. Kf3 Qf5+ 79.
Ke2 Qc2+ 80. Kf3 Qb3+ 81. Qxb3+ Kxb3 82. Kg4 a2 83. f4 a1=Q 84. f5 Qg7+ 0-1

[Event "Late-Titled-Tuesday-Blitz-October-24-2023"]
[Site "Chess.com"]
[Date "2023.10.24"]
[Round "1"]
[White "SergioMoralesG"]
[Black "Alexei_Gubajdullin"]
[Result "1/2-1/2"]
[WhiteElo "2415"]
[BlackElo "2713"]
[TimeControl "180+1"]
[EndTime "14:10:09 PDT"]
[Termination "Game drawn by 50-move rule"]

1. d4 Nf6 2. c4 g6 3. Nc3 Bg7 4. e4 d6 5. Nf3 O-O 6. Be2 Na6 7. O-O e5 8. Be3 c6 9. d5 Ng4 10. Bg5 f6 11. Bh4 c5 12. Ne1 Nh6 13. Nd3 Nf7 14. a3 Bh6 15. b4 b6 16. bxc5 dxc5 17. Bg4 Qe7 18. Bxc8 Rfxc8 19. Qg4 g5 20. Bg3 Nd6 21.
h4 Kh8 22. hxg5 Bxg5 23. f4 exf4 24. Bxf4 Rg8 25. e5 Bxf4 26. Qxf4 Qg7 27. Rf2 fxe5 28. Qxe5 Nxc4 29. Qxg7+ Rxg7 30. Ne4 Ne3 31. Re1 Nxd5 32. Ne5 h6 33. Rd1 Nac7 34. Nf6 Nxf6 35. Rxf6 Kg8 36. Rxh6 Re8 37. Nf3 Re2 38. Rd8+ Ne8 39. Nh4 Kf7 40. Rc6 Ke7 41. Ra8 Kf8 42. Rcc8 Rg4 43. Kf1 Re7 44. Nf3 c4 45. Rd8 b5 46. Rac8 a5 47. Kf2 b4 48.
axb4 axb4 49. Rd4 Rxd4 50. Nxd4 c3 51. Nc2 b3 52. Rxc3 bxc2 53. Rxc2 Nd6 54. Kg1 Kf7 55. Rf2+ Kg6 56. g3 Nf5 57. Kg2 Re3 58. Rf4 Rxg3+ 59. Kf2 Rb3 60. Rg4+ Kf6 61. Rg8 Ke5 62. Re8+ Kf4 63.
Rf8 Rb2+ 64. Ke1 Ke4 65. Re8+ Kd3 66. Rd8+ Nd4 67. Kf1 Ke3 68. Re8+ Kf4 69. Rf8+ Nf5 70. Rf7 Ke4 71. Rf8 Rc2 72. Re8+ Kf3 73. Ke1 Ne3 74.
Rf8+ Ke4 75. Re8+ Kd4 76. Rd8+ Nd5 77. Kf1 Ke4 78. Re8+ Kf3 79. Rf8+ Nf4 80. Ke1 Rc4 81. Kd1 Ke4 82. Re8+ Kd4 83. Rd8+ Nd5 84. Ke1 Ke3 85. Re8+ Kf3 86. Rf8+ Nf4 87. Kd2 Ke4 88. Re8+ Kd4 89.
Rd8+ Nd5 90. Ke2 Rc3 91. Kd2 Rg3 92. Ke2 Rg6 93. Kf3 Ke5 94. Re8+ Kd4 95. Rd8 Rf6+ 96.
Ke2 Ke4 97. Re8+ Kd4 98. Rd8 Re6+ 99. Kf3 Ke5 100. Kf2 Ne7 101. Ra8 Nf5 102. Ra5+ Ke4 103. Ra4+ Nd4 104. Kg2 Rf6 105. Rb4 Kd3 106. Ra4 Nb3 107. Ra3 Rb6 108. Kg3 Ke4 1/2-1/2

[Event "Late-Titled-Tuesday-Blitz-October-24-2023"]
[Site "Chess.com"]
[Date "2023.10.24"]
[Round "1"]
[White "Balla_Tamas"]
[Black "IMRosen"]
[Result "1/2-1/2"]
[WhiteElo "2334"]
[BlackElo "2628"]
[TimeControl "180+1"]
[EndTime "14:11:20 PDT"]
[Termination "Game drawn by 50-move rule"]

1. e4 c5 2. c3 d5 3. exd5 Qxd5 4. d4 Nf6 5. Nf3 e6 6. Be3 cxd4 7. cxd4 Nc6 8. Nc3 Qd6 9. Bd3 Be7 10. O-O O-O 11.
a3 a6 12. Qe2 b5 13. Rad1 Bb7 14. Bb1 b4 15. axb4 Nxb4 16. Bg5 Rfe8 17. Rfe1 Ng4 18.
Bxe7 Rxe7 19. h3 Nf6 20. Ne5 Rd8 21. Ng4 Nbd5 22. Nxf6+ Nxf6 23. Ne4 Nxe4 24. Bxe4 Bxe4 25. Qxe4 Red7 26. Qe2 Qb6 27. d5 Rxd5 28. Rxd5 Rxd5 29. Rc1 Rd8 30. Ra1 a5 31. Qe5 Rd5 32. Qc3 h6 33. Qc8+ Kh7 34. Qc2+ g6 35. Re1 Rb5 36. Re2 Rc5 37.
Qd2 Qc7 38. Re1 Rc2 39. Qd4 Rc5 40. Qf6 Rf5 41. Qd4 h5 42. Qe3 Qc2 43. Re2 Qd1+ 44. Kh2 Qd6+ 45. Kg1 Rd5 46. g3 Rd1+ 47. Kg2 Qd5+ 48. f3 Rd3 49. Qf4 Kg7 50. h4 Rb3 51. Rf2 e5 52. Qa4 Rb4 53. Qa3 Rd4 54. Qc3 Rd3 55.
Qe1 Qd4 56. Qxa5 Rd1 57. Qb5 Rb1 58. Qe2 f6 59. Qe4 Qc5 60. Qc2 Qxc2 61. Rxc2 Kf7 62. Kf2 Ke6 63. Ke3 Kf5 64. Kf2 Rh1 65. Kg2 Rb1 66.
Kf2 Ke6 67. Ke3 Kd5 68. Rd2+ Kc5 69. Rc2+ Kd6 70. Kf2 f5 71. Rd2+ Ke6 72. Ke3 Rg1 73. Kf2 Rc1 74. b4 Rb1 75. Rc2 Kd5 76. Rc5+ Kd6 77. Ra5 Rb2+ 78. Ke3 Rb3+ 79. Kf2 Ke6 80. Ra6+ Kf7 81. Rb6 Rb2+ 82. Ke3 Rb3+ 83. Kf2 e4 84. fxe4 fxe4 85. Kg2 Rf3 86. Rb7+ Kf6 87. b5 Rf5 88. b6 e3 89. Rb8 e2 90. Re8 Rb5 91. Rxe2 Rxb6 92. Rf2+ Kg7 93. Kh2 Re6 94. Kh3 Kh6 95. Ra2 Re3 96. Ra5 Re1 97. Ra6 Rh1+ 98. Kg2 Rb1 99.
Kh3 Rb2 100. Ra5 Rc2 101. Ra6 Rc5 102. Ra4 Kg7 103. Rf4 Ra5 104. Rb4 Kf6 105. Rb6+ Kg7 106. Rb4 Ra7 107. Rb6 Re7 108. Rb4 Kf6 109. Rf4+ Ke5 110. Rf1 Rd7 111. Re1+ Kf5 112. Rf1+ Ke6 113. Re1+ Kf6 114. Rf1+ Kg7 115. Ra1 Kh6 116. Ra6 Rd2 117. Ra5 Rd6 118. Ra4 Rf6 119. Ra8 Rf5 120. Rh8+ Kg7 121. Ra8 Re5 122. Ra7+ Kf6 123. Ra6+ Kf5 124. Ra4 Re6 125. Rf4+ Ke5 126. Ra4 Rf6 127. Ra5+ Ke4 128. Ra4+ Kf3 129. Ra3+ Ke2 130. Ra2+ Kf1 131. Ra1+ Kf2 132. Ra2+ Kg1 133. Ra1+ Rf1 134. Ra2 Rf2 135. Ra1+ Rf1 136. Ra2 Rf3 137. Rg2+ Kf1 138. Ra2 Re3 139. Ra1+ Kf2 140. Ra2+ Kf3 141. Ra6 Re1 1/2-1/2

[Event "Late-Titled-Tuesday-Blitz-October-24-2023"]
[Site "Chess.com"]
[Date "2023.10.24"]
[Round "2"]
[White "Karacsonyi_Gellert"]
[Black "Road2GM3000"]
[Result "1-0"]
[WhiteElo "2746"]
[BlackElo "2373"]
[TimeControl "180+1"]
[EndTime "14:11:57 PDT"]
[Termination "Karacsonyi_Gellert won by resignation"]

1. e4 c5 2. Nf3 d6 3. d4 cxd4 4. Nxd4 Nf6 5. Nc3 a6 6. Bc4 e6 7. O-O Be7 8. Bb3 O-O 9. f4 Nc6 10. Nxc6 b6 11. Nxd8 1-0

[Event "Late-Titled-Tuesday-Blitz-October-24-2023"]
[Site "Chess.com"]
[Date "2023.10.24"]
[Round "2"]
[White "YellowJacek"]
[Black "Ykow"]
[Result "0-1"]
[WhiteElo "2292"]
[BlackElo "2517"]
[TimeControl "180+1"]
[EndTime "14:13:25 PDT"]
[Termination "Ykow won by resignation"]

1. c4 e6 2. g3 d5 3. Bg2 Nf6 4. Nf3 d4 5. O-O Nc6 6. e3 Bc5 7. exd4 Nxd4 8. Nc3 h5 9. a3 a5 10. b3 h4 11. Nxh4 e5 12. Nf3 Ng4 13. Re1 Nxf3+ 14. Qxf3 Bxf2+ 15. Kf1 Nxh2+ 0-1

[Event "Late-Titled-Tuesday-Blitz-October-24-2023"]
[Site "Chess.com"]
[Date "2023.10.24"]
[Round "2"]
[White "boracilek"]
[Black "angryspacevoid"]
[Result "1-0"]
[WhiteElo "2355"]
[BlackElo "2459"]
[TimeControl "180+1"]
[EndTime "14:14:10 PDT"]
[Termination "boracilek won by checkmate"]

1. d4 c5 2. d5 d6 3. e4 e5 4.
Nc3 g6 5. Be2 Bg7 6. Nf3 Ne7 7.
O-O f5 8. exf5 gxf5 9. Ng5 Ng6 10. Bh5 O-O 11. Qd3 e4 12. Qh3 f4 13. Ne6 Qf6 14. Nxe4 Qe5 15. Bxg6 hxg6 16. N4g5 Rf5 17. Qh7# 1-0

[Event "Late-Titled-Tuesday-Blitz-October-24-2023"]
[Site "Chess.com"]
[Date "2023.10.24"]
[Round "2"]
[White "Binary010"]
[Black "The_Straightforward_Rook"]
[Result "1-0"]
[WhiteElo "2853"]
[BlackElo "2574"]
[TimeControl "180+1"]
[EndTime "14:14:13 PDT"]
[Termination "Binary010 won by resignation"]

1. e4 e5 2. Nf3 Nc6 3. Bb5 Nf6 4. d3 Bc5 5. Bg5 d6 6. Nc3 a6 7. Bxc6+ bxc6 8. d4 exd4 9. Nxd4 Bd7 10. Qd3 h6 11. Bh4 Qe7 12. O-O-O Rb8 13. Nf5 Qe5 14. Bg3 1-0

[Event "Late-Titled-Tuesday-Blitz-October-24-2023"]
[Site "Chess.com"]
[Date "2023.10.24"]
[Round "2"]
[White "cthulhuuu"]
[Black "Hoshka"]
[Result "1-0"]
[WhiteElo "2428"]
[BlackElo "2056"]
[TimeControl "180+1"]
[EndTime "14:14:24 PDT"]
[Termination "cthulhuuu won by resignation"]

1. e4 e5 2. Nf3 Nc6 3. Bb5 a6 4. Bxc6 dxc6 5. O-O Bg4 6. h3 h5 7. d3 Qf6 8. Nbd2 Ne7 9. Re1 Ng6 10. d4 Bxf3 11.
Nxf3 exd4 12. e5 Qd8 13. e6 c5 14. exf7+ Kxf7 15. Qd3 Qf6 16. Qc4+ 1-0

[Event "Late-Titled-Tuesday-Blitz-October-24-2023"]
[Site "Chess.com"]
[Date "2023.10.24"]
[Round "2"]
[White "Roedor"]
[Black "kalxandria"]
[Result "1-0"]
[WhiteElo "2454"]
[BlackElo "2098"]
[TimeControl "180+1"]
[EndTime "14:14:31 PDT"]
[Termination "Roedor won by resignation"]

1. d4 Nf6 2. c4 g6 3. g3 Bg7 4.
Bg2 d6 5. Nc3 O-O 6. Nf3 Bf5 7.
O-O Nc6 8. d5 Nb4 9. Nd4 Bd7 10.
a3 Na6 11. b4 Qc8 12. Re1 Bh3 13. Bh1 Nh5 14. e4 Rb8 15. Be3 c5 16. dxc6 bxc6 17. e5 Bxe5 18. Nxc6 Bxc3 19. Nxe7+ 1-0

[Event "Late-Titled-Tuesday-Blitz-October-24-2023"]
[Site "Chess.com"]
[Date "2023.10.24"]
[Round "2"]
[White "PNEPaul"]
[Black "vidavi"]
[Result "0-1"]
[WhiteElo "1858"]
[BlackElo "2399"]
[TimeControl "180+1"]
[EndTime "14:14:32 PDT"]
[Termination "vidavi won by resignation"]

1. e4 c5 2. d4 cxd4 3. c3 d3 4.
Bxd3 g6 5. Bc4 Bg7 6. Bg5 Nc6 7. Qb3 Ne5 8. Be2 Nf6 9. Bxf6 Bxf6 10. f4 Nc6 11. e5 Bg7 12. Nf3 d6 13. exd6 Qxd6 14. O-O Qxf4 15. Kh1 O-O 16. Nd4 Nxd4 17. Rxf4 Nxb3 0-1

[Event "Late-Titled-Tuesday-Blitz-October-24-2023"]
[Site "Chess.com"]
[Date "2023.10.24"]
[Round "2"]
[White "Skatchkov_V"]
[Black "miraitrunks"]
[Result "1-0"]
[WhiteElo "2537"]
[BlackElo "2114"]
[TimeControl "180+1"]
[EndTime "14:14:49 PDT"]
[Termination "Skatchkov_V won by resignation"]

1. d4 Nf6 2. c4 c5 3. d5 b5 4. cxb5 a6 5. e3 axb5 6. Bxb5 Qa5+ 7. Nc3 Ne4 8. Be2 Nxc3 9. bxc3 Qxc3+ 10. Bd2 Qf6 11. Nf3 d6 12. O-O g6 13. Rc1 Rg8 14.
Bc3 Qf5 15. Nd2 Ba6 16. Bg4 Qxd5 17. Bf3 Qxa2 18. Ra1 Qe6 19. Bxa8 Bxf1 20. Qxf1 1-0

[Event "Late-Titled-Tuesday-Blitz-October-24-2023"]
[Site "Chess.com"]
[Date "2023.10.24"]
[Round "2"]
[White "bipe137"]
[Black "baag"]
[Result "1-0"]
[WhiteElo "2598"]
[BlackElo "2845"]
[TimeControl "180+1"]
[EndTime "14:15:09 PDT"]
[Termination "bipe137 won by resignation"]

1. d4 Nf6 2. c4 c5 3. d5 e6 4.
Nc3 exd5 5. cxd5 d6 6. e4 g6 7.
Nf3 Bg7 8. h3 O-O 9. Bd3 b5 10.
Nxb5 Re8 11. O-O Nxe4 12. Re1 a6 13. Nc3 Nxc3 14. Rxe8+ Qxe8 15. bxc3 Nd7 16. Rb1 Bxc3 17. Qa4 Qe7 18. Qc6 Ra7 19. Qxc8+ Kg7 20. Bf4 Nf6 21. Rb8 1-0

[Event "Late-Titled-Tuesday-Blitz-October-24-2023"]
[Site "Chess.com"]
[Date "2023.10.24"]
[Round "2"]
[White "Kostukov_Alex"]
[Black "RETURNOFTHELAGGER"]
[Result "1-0"]
[WhiteElo "2433"]
[BlackElo "2665"]
[TimeControl "180+1"]
[EndTime "14:15:17 PDT"]
[Termination "Kostukov_Alex won by resignation"]

1. g3 d5 2. Bg2 c5 3. d3 Nc6 4.
e4 d4 5. f4 f6 6. Nf3 e5 7.
O-O Be6 8. fxe5 fxe5 9. Ng5 Qd7 10. c3 Nf6 11. Nxe6 Qxe6 12. cxd4 Nxd4 13. Nc3 Kd8 14. Nd5 h6 15. Be3 Rc8 16. Bxd4 cxd4 17. Nxf6 gxf6 18. Qh5 Be7 19. Bh3 1-0

[Event "Late-Titled-Tuesday-Blitz-October-24-2023"]
[Site "Chess.com"]
[Date "2023.10.24"]
[Round "2"]
[White "carloseduar100"]
[Black "HajiyevKanan"]
[Result "0-1"]
[WhiteElo "2277"]
[BlackElo "2512"]
[TimeControl "180+1"]
[EndTime "14:15:18 PDT"]
[Termination "HajiyevKanan won by resignation"]

1. e4 c6 2. Nf3 d5 3. Nc3 a6 4. d4 Bg4 5. h3 Bh5 6. exd5 cxd5 7. Bd3 Nc6 8. Be3 e6 9. O-O Nf6 10. Be2 Bd6 11. Ne5 Bxe2 12. Nxc6 Bxd1 13. Nxd8 Rxd8 14.
Raxd1 Rc8 15. a3 Bxa3 16. Nxd5 Nxd5 17. bxa3 Rxc2 18. Rb1 b5 19. a4 b4 20. Rfc1 Rxc1+ 21. Rxc1 Nc3 22. a5 Ne2+ 23. Kf1 Nxc1 24. Bxc1 Kd7 25.
Ke2 Rc8 26. Bd2 b3 0-1

[Event "Late-Titled-Tuesday-Blitz-October-24-2023"]
[Site "Chess.com"]
[Date "2023.10.24"]
[Round "2"]
[White "Vamostodorecto"]
[Black "akanga001"]
[Result "1-0"]
[WhiteElo "2426"]
[BlackElo "2044"]
[TimeControl "180+1"]
[EndTime "14:15:26 PDT"]
[Termination "Vamostodorecto won by resignation"]

1. e4 e6 2. Nf3 d5 3. e5 c5 4.
b4 b6 5. bxc5 bxc5 6. c3 Ba6 7.
Bxa6 Nxa6 8. Qa4+ Qd7 9. Qxa6 Ne7 10. O-O Ng6 11. d4 Be7 12. Ba3 Rc8 13. Bxc5 Bxc5 14.
dxc5 Rxc5 15. Qd6 Qc8 16. Nbd2 Rc6 17. Qb4 Rc5 18. Nb3 Rc4 19. Qb5+ Ke7 20. Nbd4 Rd8 21. Rab1 Rd7 22. Rfc1 Nf4 23. Nd2 Rxd4 24. cxd4 Ne2+ 25. Qxe2 Rc7 1-0

[Event "Late-Titled-Tuesday-Blitz-October-24-2023"]
[Site "Chess.com"]
[Date "2023.10.24"]
[Round "2"]
[White "SanchezKelvin"]
[Black "Korchmar_Vasiliy"]
[Result "0-1"]
[WhiteElo "2553"]
[BlackElo "2778"]
[TimeControl "180+1"]
[EndTime "14:15:35 PDT"]
[Termination "Korchmar_Vasiliy won by resignation"]

1. e4 c5 2. Nf3 d6 3. d4 cxd4 4.
Nxd4 Nf6 5. Nc3 Nc6 6. Bg5 Bd7 7.
f4 Qb6 8. Nb3 Ng4 9. Qf3 Nb4 10.
Bd3 h6 11. Bh4 g5 12. fxg5 hxg5 13. Bxg5 Ne5 14. Qe2 Bg4 15. Qd2 Rxh2 16. Rf1 Nbxd3+ 17. cxd3 Nf3+ 18. Rxf3 Bxf3 19. Qf2 Rh1+ 0-1

[Event "Late-Titled-Tuesday-Blitz-October-24-2023"]
[Site "Chess.com"]
[Date "2023.10.24"]
[Round "2"]
[White "AndresDelgado77"]
[Black "luksona14"]
[Result "1-0"]
[WhiteElo "2351"]
[BlackElo "2567"]
[TimeControl "180+1"]
[EndTime "14:15:39 PDT"]
[Termination "AndresDelgado77 won by resignation"]

1. e4 c5 2. Nf3 Nc6 3. b4 Nxb4 4. c3 Nc6 5. d4 cxd4 6. cxd4 d6 7.
d5 Ne5 8. Nxe5 dxe5 9. Qh5 Nf6 10. Qxe5 e6 11. Bb5+ Bd7 12. dxe6 Qa5+ 13. Bd2 Qb6 14. exd7+ Kd8 15. Qe8+ Kc7 16. Qxa8 Nxd7 17. Nc3 Bc5 18. Nd5+ 1-0

[Event "Late-Titled-Tuesday-Blitz-October-24-2023"]
[Site "Chess.com"]
[Date "2023.10.24"]
[Round "2"]
[White "Yushko_Olga"]
[Black "semchik73"]
[Result "0-1"]
[WhiteElo "2143"]
[BlackElo "2449"]
[TimeControl "180+1"]
[EndTime "14:15:41 PDT"]
[Termination "semchik73 won by resignation"]

1. d4 d5 2. c4 c6 3. cxd5 cxd5 4. Nc3 Nf6 5. Nf3 Nc6 6. Bf4 e6 7. e3 Bd6 8. Bg5 h6 9. Bh4 Qb6 10. Qc2 Ne4 11. Nxe4 dxe4 12. Nd2 f5 13. Be2 g5 14. Bh5+ Ke7 15. Bg3 Nb4 16. Bxd6+ Qxd6 17. Qb3 Nd3+ 18. Ke2 Qa6 19. Nc4 Nxb2 20. Rhc1 Nxc4 21. Rxc4 Bd7 22.
Ke1 Qa5+ 23. Kd1 Rac8 24. Be2 Rxc4 25. Qxc4 Rc8 0-1

[Event "Late-Titled-Tuesday-Blitz-October-24-2023"]
[Site "Chess.com"]
[Date "2023.10.24"]
[Round "2"]
[White "Kirill_Klukin"]
[Black "Msb2"]
[Result "0-1"]
[WhiteElo "2633"]
[BlackElo "3084"]
[TimeControl "180+1"]
[EndTime "14:15:51 PDT"]
[Termination "Msb2 won by resignation"]

1. c4 e6 2. Nc3 d5 3. d4 Bb4 4. e3 Nf6 5. Bd2 O-O 6. Nf3 b6 7. cxd5 exd5 8. Bd3 c5 9. O-O Nc6 10. a3 Bxc3 11. Bxc3 c4 12. Bc2 Bg4 13. h3 Bh5 14.
g4 Bg6 15. Ne5 Nxe5 16. dxe5 Ne4 17. Bxe4 Bxe4 18. f3 Bd3 19. Rf2 Qh4 20. Kg2 Rae8 21. Rd2 f6 22. exf6 Rxe3 23. Bd4 Rxf3 24. Qe2 Qxh3+ 0-1

[Event "Late-Titled-Tuesday-Blitz-October-24-2023"]
[Site "Chess.com"]
[Date "2023.10.24"]
[Round "2"]
[White "Deeper44"]
[Black "Felix-Rose"]
[Result "1-0"]
[WhiteElo "2532"]
[BlackElo "2321"]
[TimeControl "180+1"]
[EndTime "14:16:11 PDT"]
[Termination "Deeper44 won on time"]

1. d4 d5 2. c4 e6 3. Nf3 Nf6 4.
g3 dxc4 5. Bg2 a6 6. O-O Nc6 7. e3 Rb8 8. Nfd2 e5 9. Bxc6+ bxc6 10. dxe5 Ng4 11. Nxc4 Qxd1 12. Rxd1 Be6 13. Nbd2 1-0

[Event "Late-Titled-Tuesday-Blitz-October-24-2023"]
[Site "Chess.com"]
[Date "2023.10.24"]
[Round "2"]
[White "igorkovalenko"]
[Black "ValeriyGrinev"]
[Result "1-0"]
[WhiteElo "2929"]
[BlackElo "2602"]
[TimeControl "180+1"]
[EndTime "14:16:20 PDT"]
[Termination "igorkovalenko won by resignation"]

1. c4 c5 2. Nf3 Nc6 3. Nc3 e5 4. g3 g6 5. Bg2 Bg7 6. d3 d6 7.
O-O Nge7 8. Rb1 O-O 9. a3 a5 10. Bd2 Rb8 11. Qc1 f6 12. Ne1 Be6 13. Nc2 d5 14. b3 b6 15. Rd1 Nd4 16. e3 Nxc2 17. Qxc2 Qd7 18. Be1 Rfd8 19. e4 dxe4 20. dxe4 Qb7 21.
Nd5 Nc6 22. b4 axb4 23. axb4 Nd4 24. Qb2 Rdc8 25. Bc3 Kf7 26. bxc5 Rxc5 27. Bxd4 exd4 28. Qxd4 Qc6 29. Bf1 f5 30. Qe3 Be5 31. exf5 Bxf5 32. Qxe5 Bxb1 33. Qxb8 1-0

[Event "Late-Titled-Tuesday-Blitz-October-24-2023"]
[Site "Chess.com"]
[Date "2023.10.24"]
[Round "2"]
[White "HaryKane"]
[Black "alfianasybullina"]
[Result "1-0"]
[WhiteElo "2516"]
[BlackElo "2289"]
[TimeControl "180+1"]
[EndTime "14:16:25 PDT"]
[Termination "HaryKane won by resignation"]

1. e4 c6 2. d4 d5 3. exd5 cxd5 4. Bd3 Nc6 5. c3 Nf6 6. Ne2 Bg4 7. f3 Bh5 8. O-O e6 9. Be3 Bd6 10. Nd2 O-O 11.
Nf4 Bg6 12. Nxg6 hxg6 13. Bf2 Re8 14. Re1 Rc8 15. b4 a6 16. a4 Qc7 17. h3 Ne7 18. Rc1 Bh2+ 19. Kh1 Bd6 20. Nb3 Qd7 21. a5 Nf5 22.
Nc5 Qc7 23. Bxf5 gxf5 24. Nd3 Nh5 25. g4 Ng3+ 26. Bxg3 Bxg3 27. Rg1 fxg4 28. fxg4 Bh4 29. Qf3 g6 30. g5 Kg7 31. Qf6+ Kg8 32. Rg4 Bg3 33.
Rg1 Bd6 34. Rh4 1-0

[Event "Late-Titled-Tuesday-Blitz-October-24-2023"]
[Site "Chess.com"]
[Date "2023.10.24"]
[Round "2"]
[White "NMJeevanK"]
[Black "Bauman_Guy"]
[Result "0-1"]
[WhiteElo "2601"]
[BlackElo "2914"]
[TimeControl "180+1"]
[EndTime "14:16:26 PDT"]
[Termination "Bauman_Guy won by checkmate"]

1. e4 c5 2. Nc3 d6 3. f4 g6 4. Nf3 Bg7 5. Bb5+ Bd7 6. O-O Nc6 7.
Bc4 Na5 8. Be2 Nc6 9. Bc4 Na5 10. Be2 Nf6 11. e5 dxe5 12. fxe5 Ng4 13. e6 Bxe6 14.
d3 O-O 15. Ne4 Bd5 16. Nxc5 Qc7 17. d4 Bxf3 18. Bxf3 Qxh2# 0-1